 Dungeon Crawl Stone Soup version 0.25-a0-458-g6fc7858b95 (webtiles) character file.

Game seed: 15782380968569110864, levelgen mode: deterministic

1594 Error4North the Cleaver (level 8, -15/67 HPs)
             Began as a Hill Orc Fighter on Feb 3, 2020.
             Was a Priest of Okawaru.
             Killed from afar by Maggie (25 damage)
             ... with a bolt of fire
             ... on level 6 of the Dungeon.
             The game lasted 00:16:04 (5388 turns).

Error4North the Cleaver (Hill Orc Fighter)          Turns: 5388, Time: 00:16:05

Health: -15/67     AC: 16    Str: 21    XL:     8   Next: 93%
Magic:  8/8        EV:  7    Int:  8    God:    Okawaru [***...]
Gold:   84         SH: 12    Dex: 10    Spells: 7/7 levels left

rFire    . . .     SeeInvis .   a - +0 war axe
rCold    . . .     Gourm    .   c - +2 shield
rNeg     . . .     Faith    .   j - +1 chain mail
rPois    .         Spirit   .   q - +2 helmet
rElec    .         Reflect  .   y - +0 cloak
rCorr    .         Harm     .   (no gloves)
MR       +....                  (no boots)
Stlth    ..........             (no amulet)
HPRegen  0.21/turn              g - ring of protection from magic
MPRegen  0.11/turn              (no ring)

@: no status effects
A: no striking features
a: Heroism, Renounce Religion


You were on level 6 of the Dungeon.
You worshipped Okawaru.
Okawaru was most pleased with you.
You were not hungry.

You visited 2 branches of the dungeon, and saw 7 of its levels.

You collected 278 gold pieces.
You spent 194 gold pieces at shops.

Inventory:

Hand Weapons
 a - a +0 war axe (weapon)
Armour
 c - a +2 shield (worn)
 j - a +1 chain mail (worn)
 q - a +2 helmet (worn)
 y - a +0 cloak (worn)
Jewellery
 g - a ring of protection from magic (left hand)
Scrolls
 b - a scroll of amnesia {unknown}
 h - 3 scrolls of remove curse {unknown}
 i - a scroll of fear {unknown}
 o - a scroll of blinking {unknown}
 s - a scroll of immolation {unknown}
 w - a scroll of identify {unknown}
Potions
 d - a potion of ambrosia {unknown}
 e - a potion of lignification
 l - a potion of invisibility {unknown}
 m - 2 potions of curing
 n - a potion of degeneration {unknown}
 p - a potion of magic {unknown}
 r - a potion of heal wounds {unknown}
 t - 2 potions of mutation {unknown}
 u - a potion of cancellation {unknown}
 v - a potion of berserk rage {unknown}
 x - a potion of flight {unknown}
Comestibles
 f - 12 rations


   Skills:
 + Level 4.9 Fighting
 + Level 8.8 Axes
 * Level 7.4 Armour
 + Level 1.5 Dodging
 + Level 0.2 Stealth
 * Level 6.7 Shields


You had 7 spell levels left.
You didn't know any spells.
Your spell library contained the following spells:

 Spells                   Type           Power        Failure   Level  Hunger
 Beastly Appendage        Tmut           #.....       100%        1    ##.....
 Sticks to Snakes         Tmut           #.......     100%        2    ###....
 Spider Form              Tmut/Pois      #.........   100%        3    ####...
 Ice Form                 Ice/Tmut       #.......     100%        4    #####..
 Blade Hands              Tmut           #.........   100%        5    ######.


Dungeon Overview and Level Annotations

Branches:
Dungeon (6/15)             Temple (1/1) D:4

Altars:
Ashenzari
Cheibriados
Dithmenos
Elyvilon
Fedhas
Gozag
Hepliaklqana
Kikubaaqudgha
Makhleb
Nemelex Xobeh
Okawaru
Qazlal
Ru
Sif Muna
Uskayaw
Vehumet
Wu Jian
Xom
Yredelemnul
Zin
The Shining One

Shops:
D:5 %   D:6 ?

Annotations:
D:5 2 transporters, twoshot's ghost, novice GnWz
D:6 Maggie


Message History

You feel a little less agile now. You block Maggie's attack.
You closely miss Maggie.
Maggie is severely wounded.
You block Maggie's attack.
You closely miss Maggie.
Maggie is severely wounded.
Maggie casts a spell at you. The bolt of fire hits you!
* * * LOW HITPOINT WARNING * * *
You hit Maggie but do no damage.
Maggie is severely wounded.
Maggie gestures at you while chanting. The bolt of fire hits you!
* * * LOW HITPOINT WARNING * * *
You hit Maggie.
Maggie is severely wounded.
Maggie points at you and mumbles some strange words.
The bolt of fire hits you!!
You die...

# #.....<..# #..# ###
##.#####.#####.#
..####..# #....p..#
#.......# ####..#.##
........# ###..#..#
##......# #.......#
##......# #.###.).#
........#####.###.#...#
##.)...........@@.###.#
##..<.#.#.###......# .#
...######.# #.####....#
#### ... ##### .!. .. .


You could see Maggie.

Vanquished Creatures
  Pikel (D:6)
  Menkaure (D:6)
  Duvessa (D:4)
  A sky beast (D:5)
  A slave (D:6)
  A centaur (D:6)
  Blork the orc (D:6)
  Dowan (D:4)
  A crimson imp (D:6)
  2 bullfrog zombies (D:5)
  A centaur zombie (D:5)
  An orc priest (D:6)
  A centaur skeleton (D:4)
  Crazy Yiuf (D:6)
  A hound (D:4)
  2 iguanas (D:5)
  3 worker ants
  A worker ant zombie (D:5)
  Robin (D:2)
  A howler monkey skeleton (D:4)
  3 gnolls (D:6)
  9 adders
  An ooze (D:5)
  An adder skeleton (D:6)
  3 worms
  3 dart slugs
  4 leopard geckos
  5 orcs
  7 giant cockroaches
  13 goblins
  9 hobgoblins
  5 jackals
  5 kobolds
  3 quokkas
  2 ball pythons
  6 bats
  3 frilled lizards (D:1)
  A quokka skeleton (D:5)
  A rat (D:1)
108 creatures vanquished.

Vanquished Creatures (others)
  A human (D:5)
  An adder (D:6)
2 creatures vanquished.

Grand Total: 110 creatures vanquished

Notes
Turn   | Place    | Note
-------+----------+-------------------------------------------
     0 | D:1      | Error4North the Hill Orc Fighter began the quest for the
                  | Orb.
     0 | D:1      | Reached XP level 1. HP: 19/19 MP: 1/1
   174 | D:1      | Reached XP level 2. HP: 17/27 MP: 2/2
   738 | D:1      | Reached XP level 3. HP: 32/33 MP: 3/3
  1124 | D:2      | Reached skill level 3 in Axes
  1288 | D:2      | Reached XP level 4. HP: 38/40 MP: 4/4
  1350 | D:2      | Found a basalt altar of Yredelemnul.
  1447 | D:2      | Noticed Robin
  1451 | D:2      | Killed Robin
  1526 | D:2      | Reached skill level 4 in Axes
  1989 | D:3      | Reached XP level 5. HP: 46/46 MP: 5/5
  2899 | D:4      | Noticed Duvessa
  2899 | D:4      | Noticed Dowan
  3074 | D:4      | Killed Duvessa
  3074 | D:4      | Reached skill level 5 in Axes
  3074 | D:4      | Reached XP level 6. HP: 52/52 MP: 6/6
  3160 | D:4      | Found a staircase to the Ecumenical Temple.
  3184 | Temple   | Entered the Ecumenical Temple
  3221 | Temple   | Became a worshipper of Warmaster Okawaru
  3262 | D:4      | Found a burning altar of Makhleb.
  3264 | D:4      | Found a shimmering blue altar of Sif Muna.
  3265 | D:4      | Found a snail-covered altar of Cheibriados.
  3265 | D:4      | Found a stormy altar of Qazlal.
  3266 | D:4      | Found a sparkling altar of Nemelex Xobeh.
  3266 | D:4      | Found a sacrificial altar of Ru.
  3267 | D:4      | Found a white marble altar of Elyvilon.
  3571 | D:4      | Reached skill level 5 in Armour
  3905 | D:4      | Killed Dowan
  3905 | D:4      | Reached skill level 1 in Dodging
  3959 | D:5      | Entered Level 5 of the Dungeon
  3959 | D:5      | Found Nazosk's Food Emporium.
  3959 | D:5      | Noticed a sky beast
  3963 | D:5      | Killed a sky beast
  3963 | D:5      | Reached skill level 5 in Shields
  3963 | D:5      | Reached XP level 7. HP: 60/60 MP: 7/7
  4061 | D:5      | Found a transporter.
  4065 | D:5      | Found a transporter.
  4065 | D:5      | Noticed twoshot's ghost (novice GnWz)
  4103 | D:5      | Reached skill level 6 in Axes
  4180 | D:5      | Reached * piety under Okawaru
  4714 | D:5      | Found an ancient bone altar of Kikubaaqudgha.
  4715 | D:5      | Noticed a human
  4717 | D:5      | Killed a human
  4844 | D:6      | Noticed Menkaure
  4859 | D:6      | Reached skill level 7 in Axes
  4859 | D:6      | Reached XP level 8. HP: 25/67 MP: 8/8
  4862 | D:6      | Killed Menkaure
  4875 | D:6      | Found Taingut's Magic Scroll Emporium.
  4901 | D:6      | Bought a scroll of enchant armour for 97 gold pieces
  4901 | D:6      | Bought a scroll of enchant armour for 97 gold pieces
  5096 | D:6      | Found a runed translucent door.
  5097 | D:6      | Noticed Crazy Yiuf
  5105 | D:6      | Killed Crazy Yiuf
  5105 | D:6      | Reached ** piety under Okawaru
  5233 | D:6      | Noticed Blork the orc
  5247 | D:6      | Killed Blork the orc
  5317 | D:6      | Noticed Pikel
  5331 | D:6      | Noticed Maggie
  5343 | D:6      | Killed Pikel
  5343 | D:6      | Reached *** piety under Okawaru
  5343 | D:6      | Reached skill level 8 in Axes
  5388 | D:6      | Killed from afar by Maggie

Levels and vault maps discovered:
D:1:      dpeg_arrival_stone_temple_mockup, layout_basic
D:2:      layout_basic, old_standard_altar, uniq_robin
D:3:      layout_loops_corners
D:4:      layout_basic, grunt_temple_overflow_open,
          minmay_temple_entry_sparse_star, first_ration, uniq_duvessa
D:5:      layout_rooms, serial_shops, shop, gammafunk_ghost_smash,
          tgw_kikubaaqudgha
D:6:      layout_rooms, serial_shops, shop, uniq_crazy_yiuf_cottage,
          uniq_maggie, uniq_pikel, uniq_blork_the_orc, uniq_menkaure
Temple:   cyrus_circular_temple

Skill      XL: |  1  2  3  4  5  6  7  8 |
---------------+-------------------------+-----
Armour         | 4 5 6 7 |  7.4
Axes           | 3 4 5 7 8 |  8.8
Shields        | 4 5 6 |  6.7
Fighting       | 4 |  4.9
Dodging        | 1 |  1.5
Stealth        | |  0.2

Action                   |  1- 3 |  4- 6 |  7- 9 || total
-------------------------+-------+-------+-------++-------
Melee: War axe           |   137 |   171 |   183 ||   491
  Use: Potion            |       |     2 |     4 ||     6
       Scroll            |       |       |     3 ||     3
  Eat: Chunk             |     1 |     5 |     3 ||     9
       Ration            |       |     1 |     1 ||     2
Armor: Scale mail        |    57 |       |       ||    57
       Chain mail        |    38 |   111 |   114 ||   263
       Skin              |       |       |    27 ||    27
Dodge: Dodged            |    50 |    44 |    52 ||   146
Block: Shield            |    83 |    92 |   126 ||   301

Table legend:
 A = Non-vault XP
 B = Vault XP
 C = Vault XP percentage of total XP
 D = Non-vault monster count
 E = Vault monster count
 F = Vault count percentage of total count
                 A         B        C        D         E       F
            +---------+---------+-------+---------+---------+-------
      Total |    1061 |    1217 |  53.4 |      90 |      17 |  15.9
            +---------+---------+-------+---------+---------+-------
        D:1 |      41 |       0 |   0.0 |      22 |       0 |   0.0
        D:2 |      87 |      34 |  28.1 |      23 |      11 |  32.4
        D:3 |      23 |       0 |   0.0 |       6 |       0 |   0.0
        D:4 |     126 |     234 |  65.0 |      10 |       2 |  16.7
        D:5 |     434 |       0 |   0.0 |      14 |       0 |   0.0
        D:6 |     350 |     949 |  73.1 |      15 |       4 |  21.1
            +---------+---------+-------+---------+---------+-------
